 Dungeon Crawl Stone Soup version 0.25-a0-100-g33052ceff8 (webtiles) character file.

Game seed: 2769713877606635365, levelgen mode: deterministic

21 Arixos the Skirmisher (level 2, -2/24 HPs)
             Began as a Demonspawn Monk on Nov 14, 2019.
             Slain by a kobold
             ... wielding a cursed +0 short sword
              (6 damage)
             ... on level 1 of the Dungeon.
             The game lasted 00:01:24 (455 turns).

Arixos the Skirmisher (Demonspawn Monk)              Turns: 455, Time: 00:01:24

Health: -2/24      AC:  4    Str: 11    XL:     2   Next: 62%
Magic:  2/2        EV: 13    Int: 11    God:
Gold:   33         SH:  0    Dex: 15    Spells: 1/1 levels left

rFire    . . .     SeeInvis .   f - -1 dagger (curse)
rCold    . . .     Gourm    .   (no shield)
rNeg     . . .     Faith    .   a - +0 robe
rPois    .         Spirit   .   (no helmet)
rElec    .         Reflect  .   (no cloak)
rCorr    .         Harm     .   (no gloves)
MR       .....                  (no boots)
Stlth    ++........             (no amulet)
HPRegen  0.08/turn              (no ring)
MPRegen  0.08/turn              (no ring)

@: no status effects
A: slimy green scales 1
a: no special abilities


You were on level 1 of the Dungeon.
You were not hungry.

You visited 1 branch of the dungeon, and saw 1 of its levels.

You collected 33 gold pieces.

Inventory:

Hand Weapons
 f - a cursed -1 dagger (weapon)
Armour
 a - a +0 robe (worn)
Scrolls
 e - a scroll of identify {unknown}
Potions
 c - a potion of heal wounds {unknown}
 g - 2 potions of degeneration {unknown}
Comestibles
 b - 3 rations
 d - 7 chunks of flesh


   Skills:
 + Level 3.3 Fighting
 + Level 1.1 Armour
 + Level 3.0 Dodging
 - Level 1.7 Stealth
 - Level 2.6 Unarmed Combat


You had one spell level left.
You didn't know any spells.
Your spell library was empty.

Dungeon Overview and Level Annotations

Branches:
Dungeon (1/15)

Altars:


Innate Abilities, Weirdness & Mutations

You are partially covered in slimy green scales. (AC +2)


Message History

You are too injured to fight recklessly!
You are too injured to fight recklessly!
You are too injured to fight recklessly!
You are too injured to fight recklessly!
You are too injured to fight recklessly!
You are too injured to fight recklessly!
You are too injured to fight recklessly!
You are too injured to fight recklessly!
You are too injured to fight recklessly!
You hit the kobold.
The kobold is heavily wounded.
The leopard gecko bites you.
* * * LOW HITPOINT WARNING * * *
The kobold barely misses you.
You hit the kobold but do no damage.
The kobold is heavily wounded.
The leopard gecko bites you.
* * * LOW HITPOINT WARNING * * *
The kobold hits you with a cursed +0 short sword.
You die...

#...####.#......>.#+#)#..####
#...# #.#.#..........#.>....
#...# #.#.#..........#######
##'#####.#.#..........#
#.....#.# ########+#.#
#####.#.# #.#
#.#.############.#
#.#.....l........#
#.#....@K...... ..
#.#.....#?..... #.......#
##### #########


You could see a leopard gecko and a kobold.

Vanquished Creatures
  3 dart slugs (D:1)
  A bat (D:1)
  A giant cockroach (D:1)
  A hobgoblin (D:1)
  8 frilled lizards (D:1)
  A kobold (D:1)
  3 rats (D:1)
18 creatures vanquished.

Notes
Turn   | Place    | Note
-------+----------+-------------------------------------------
     0 | D:1      | Arixos the Demonspawn Monk began the quest for the Orb.
     0 | D:1      | Reached XP level 1. HP: 18/18 MP: 1/1
   164 | D:1      | Gained mutation: You are partially covered in slimy green
                  | scales. (AC +2) [demonic ancestry]
   164 | D:1      | Reached XP level 2. HP: 19/24 MP: 2/2
   333 | D:1      | Reached skill level 1 in Armour
   455 | D:1      | Slain by a kobold

Levels and vault maps discovered:
D:1:      dpeg_arrival_rooms_b, layout_basic, serial_bayou_pond_e,
          minmay_lizard_pond

Skill      XL: |  1  2 |
---------------+-------+-----
Dodging        | 3 |  3.0
Armour         | 1 |  1.1
Fighting       | |  3.3
Stealth        | |  1.7
Unarmed Combat | |  2.6

Action                   || total
-------------------------++-------
Melee: Unarmed           ||    22
       Punch             ||     3
       Dagger            ||    53
  Use: Scroll            ||     2
Armor: Robe              ||    13
Dodge: Dodged            ||    38

Table legend:
 A = Non-vault XP
 B = Vault XP
 C = Vault XP percentage of total XP
 D = Non-vault monster count
 E = Vault monster count
 F = Vault count percentage of total count
                 A         B        C        D         E       F
            +---------+---------+-------+---------+---------+-------
      Total |      23 |       7 |  23.3 |      11 |       7 |  38.9
            +---------+---------+-------+---------+---------+-------
        D:1 |      23 |       7 |  23.3 |      11 |       7 |  38.9
            +---------+---------+-------+---------+---------+-------
